 Dungeon Crawl Stone Soup version 0.32-a0-391-gce5c0aab1b (webtiles) character file.

Game seed: 15270047547783827797

181 gruber the Ruffian (level 5, 0/40 HPs)
             Began as a Draconian Shapeshifter on Feb 19, 2024.
             Slain by a gnoll
             ... wielding a +0 whip
              (4 damage)
             ... on level 4 of the Dungeon.
             The game lasted 00:01:43 (2040 turns).

gruber the Ruffian (Draconian Shapeshifter)         Turns: 2040, Time: 00:01:43

Health: 0/40       AC:  5    Str: 18    XL:     5   Next: 34%
Magic:  5/5        EV:  6    Int: 10    God:
Gold:   175        SH:  0    Dex: 11    Spells: 4/4 levels left

rFire   . .          .
                       - Unarmed
rCold   . . .        (no shield)
rNeg    . . .        (body armour unavailable)
rPois   .            (helmet currently unavailable)
rElec   .            (cloak currently unavailable)
rCorr   .            (gloves currently unavailable)
SInv    .            (boots currently unavailable)
Will    .....        (no amulet)
Stlth   +            (no ring)
HPRegen 0.26/turn    (no ring)
MPRegen 0.09/turn

%: no passive effects
@: beast-form, held
A: beast (slay +1), AC +5, unfitting armour, cold-blooded
a: Begin Untransformation


You were on level 4 of the Dungeon.
You were a hulking beast.
You visited 1 branch of the dungeon, and saw 4 of its levels.

You collected 175 gold pieces.

Inventory:

Armour
 g - a +0 pair of boots
Jewellery
 k - an amulet of reflection
Talismans
 b - a beast talisman (active)
 c - a flux talisman
Wands
 l - a wand of charming (13)
 q - a wand of digging (5)
Scrolls
 d - 4 scrolls of identify {unknown}
 f - 3 scrolls of teleportation {unknown}
 m - 2 scrolls of enchant weapon {unknown}
 n - a scroll of immolation {unknown}
 o - a scroll of brand weapon {unknown}
 p - a scroll of fog {unknown}
Potions
 a - a potion of lignification
 e - a potion of brilliance {unknown}
 h - 2 potions of curing {unknown}
 i - a potion of might {unknown}
 j - a potion of heal wounds {unknown}


   Skills:
 - Level 1.1 Fighting
 - Level 1.7 Dodging
 + Level 6.1 Unarmed Combat
 - Level 3.0 Shapeshifting


You had 4 spell levels left.
You didn't know any spells.
Your spell library contained the following spells:

 Spells                   Type           Power      Damage    Failure   Level
 Apportation              Tloc           0%         N/A       36%         1
 Necrotise                Necr           0%         1d4       36%         1
 Sting                    Conj/Alch      0%         1d3       36%         1
 Summon Small Mammal      Summ           0%         N/A       36%         1
 Curse of Agony           Necr           0%         N/A       100%        5
 Infestation              Necr           0%         N/A       100%        8


Dungeon Overview and Level Annotations

Branches:
Dungeon (4/15)
 Temple: D:4-7

Altars:


Innate Abilities, Weirdness & Mutations

You are a hulking beast.
Your limbs bulge with bestial killing power. (Slay +1)
Your plain brown scales are hard. (AC +5)
You cannot fit into any form of body armour.
You are cold-blooded and may be slowed by cold attacks.


Message History

The kobold closely misses you.
You closely miss the kobold.
The gnoll shouts!
The jelly quivers.
Your tail-slap misses the kobold.
The kobold hits you but does no damage.
A gnoll comes into view. It is wielding a +0 spear.
The kobold closely misses you.
The gnoll hits you from afar with a +0 spear.
The gnoll hits you from afar with a +0 spear.
The gnoll throws a throwing net.
The throwing net hits you.
You become entangled in the net!
You see here a throwing net.
You struggle against the net.
The kobold hits you with a +0 dagger. The gnoll hits you but does no damage.
You struggle against the net.
The kobold hits you but does no damage.
The gnoll hits you from afar with a +0 spear. x2
You struggle against the net.
The kobold hits you with a +0 dagger. The gnoll closely misses you.
The jelly hits you but does no damage. The gnoll barely misses you.
The gnoll hits you from afar with a +0 spear. x2
You shred the net and break free! The kobold hits you but does no damage.
The gnoll throws a throwing net.
The throwing net hits you.
You become entangled in the net!
The jelly hits you.
You are splashed with acid!
* * * LOW HITPOINT WARNING * * *
The gnoll hits you from afar with a +0 spear.
* * * LOW HITPOINT WARNING * * *
The gnoll hits you from afar with a +0 spear.
* * * LOW HITPOINT WARNING * * *
Unknown command.
Unknown command.
Unknown command.
Unknown command.
You struggle against the net.
The kobold hits you but does no damage. The jelly barely misses you.
The gnoll hits you but does no damage. The gnoll completely misses you.
The gnoll hits you but does no damage. The gnoll barely misses you.
You struggle against the net.
The kobold hits you but does no damage. The gnoll hits you with a +0 whip.
You die...

#.............# #######
+.............# #.....#
###.............#####.....####
.............†................
###.####......<...........###
# #........######.####
##........# #.#
..........######.#
##.......Khg...#.#
#......gJ.###.#.# #.......gg#
#.# #.........# #.#
#.........# ..# #.........#
... #.......... #..........#


You could see a jelly, 4 gnolls and a kobold.

Vanquished Creatures
  Jessica (D:3)
  Terence (D:2)
  3 adders
  2 dart slugs (D:3)
  4 orcs (D:3)
  3 ball pythons (D:1)
  7 bats
  An endoplasm (D:1)
  3 giant cockroaches
  3 goblins
  8 hobgoblins
  11 kobolds
  3 quokkas (D:1)
  2 frilled lizards (D:1)
  3 rats
55 creatures vanquished.

Notes
Turn   | Place    | Note
-------+----------+-------------------------------------------
     0 | D:1      | gruber the Draconian Shapeshifter began the quest for the
                  | Orb.
     0 | D:1      | Reached XP level 1. HP: 16/16 MP: 1/1
   238 | D:1      | Reached XP level 2. HP: 23/23 MP: 2/2
   332 | D:1      | Reached skill level 4 in Unarmed Combat
   430 | D:1      | Reached XP level 3. HP: 16/28 MP: 3/3
   648 | D:1      | Got Rioppoepp's Anthology of Rot
  1054 | D:2      | Noticed Terence
  1085 | D:2      | Killed Terence
  1086 | D:2      | Reached skill level 5 in Unarmed Combat
  1086 | D:2      | Reached XP level 4. HP: 19/35 MP: 4/4
  1833 | D:3      | Noticed Jessica
  1837 | D:3      | Killed Jessica
  1838 | D:3      | Reached XP level 5. HP: 40/40 MP: 5/5
  1928 | D:3      | You fall into a shaft and drop 1 floor!
  1956 | D:4      | Reached skill level 6 in Unarmed Combat
  2008 | D:3      | Noticed an orc warrior
  2040 | D:4      | Slain by a gnoll

Illustrated notes

Levels and vault maps discovered:
D:1:      minmay_arrival_widening_spiral_wide, layout_basic,
          minmay_tiny_reverse_x
D:2:      layout_loops_ring, uniq_terence
D:3:      minmay_bubble_buster, layout_basic, serial_shops, shop,
          kennysheep_generic_room_7, uniq_jessica, uniq_robin, uniq_sigmund
D:4:      layout_basic

Skill      XL: |  1  2  3  4  5 |
---------------+----------------+-----
Unarmed Combat | 4 5 6 |  6.1
Fighting       | |  1.1
Dodging        | |  1.7
Shapeshifting  | |  3.0

Action                     |  1- 3 |  4- 6 || total
---------------------------+-------+-------++-------
  Melee: Unarmed           |    98 |    81 ||   179
         Tailslap          |     9 |     4 ||    13
         Punch             |     2 |     3 ||     5
   Stab: Sleeping          |     1 |       ||     1
 Armour: Skin              |    50 |    67 ||   117
  Dodge: Dodged            |    56 |    58 ||   114

Table legend: (Time is in decaauts)
 A = Elapsed time spent in this place.
 B = Non-inter-level travel time spent in this place.
 C = Inter-level travel time spent in this place.
 D = Time resting spent in this place.
 E = Time spent auto-exploring this place.
 F = Levels seen in this place.
 G = Mean time per level.
                   A        B        C        D        E       F      G
               +--------+--------+--------+--------+--------+-----+--------+
         Total |   2023 |   1953 |     70 |      0 |   1589 |   4 |  505.8 |
       Dungeon |   2023 |   1953 |     70 |      0 |   1589 |   4 |  505.8 |
               +--------+--------+--------+--------+--------+-----+--------+

Top non-repeatable levels by time:
     D:1: 1000 daAuts
     D:2: 645 daAuts
     D:3: 321 daAuts
     D:4: 55 daAuts
